 Dungeon Crawl Stone Soup version 0.20.1-1-g8b1a95d (webtiles) character file.

4439 tidbits the Martial Artist (level 9, -7/72 HPs)
             Began as a Demigod Transmuter on Aug 23, 2017.
             Mangled by a troll (13 damage)
             ... on level 11 of the Dungeon.
             The game lasted 01:04:40 (4176 turns).

tidbits the Martial Artist (Demigod Transmuter)     Turns: 4176, Time: 01:04:42

Health: -7/72      AC:  5    Str: 13    XL:     9   Next: 92%
Magic:  17/17      EV: 15    Int: 23    God:
Gold:   420        SH:  0    Dex: 16    Spells: 1/14 levels left

rFire    . . .     SeeInvis .   a - +5 war axe of the Unspeakable One {speed, rC+ rN+}
rCold    + . .     Gourm    .   (no shield)
rNeg     + . .     Faith    .   B - +0 robe
rPois    .         Spirit   .   (no helmet)
rElec    .         Reflect  .   C - scarf {repulsion}
rCorr    .         Harm     .   G - +0 pair of gloves
MR       .....                  F - +1 pair of boots
Stlth    +.........             (no amulet)
Regen    0.3/turn               N - ring of flight
MPRegen  0.2/turn               (no ring)

@: repel missiles
A: high mp 1
a: Evoke Flight


You were on level 11 of the Dungeon.
You were not hungry.

You visited 1 branch of the dungeon, and saw 11 of its levels.
You also visited: Sewer.

You collected 420 gold pieces.

Inventory:

Hand Weapons
 a - the +5 war axe of the Unspeakable One (weapon) {speed, rC+ rN+}
   (You found it on level 4 of the Dungeon)

   Attacks with this weapon are significantly faster.
   It protects you from cold.
   It protects you from negative energy.
 o - a +0 arbalest
 p - a +0 hunting sling
 z - a +0 shortbow
Missiles
 j - 82 stones
 n - a throwing net {!f}
 t - 10 tomahawks (quivered)
 A - 148 arrows
Armour
 B - a +0 robe (worn)
 C - a scarf of repulsion (worn)
   (You found it on level 5 of the Dungeon)
 D - a +0 buckler
 F - a +1 pair of boots (worn)
 G - a +0 pair of gloves (worn)
 M - a +0 cloak
 P - a scarf of spirit shield
   (You found it on level 9 of the Dungeon)
Magical Staves
 H - an uncursed staff of summoning
   (You found it on level 7 of the Dungeon)
Jewellery
 N - a ring of flight (left hand)
   (You found it on level 9 of the Dungeon)
Wands
 I - a wand of acid (0/15)
 Q - a wand of polymorph (8/24)
 S - a wand of random effects (13/48)
Scrolls
 h - 3 scrolls of amnesia
 i - a scroll of enchant armour
 l - 3 scrolls of teleportation
 m - a scroll of magic mapping
 r - 3 scrolls of remove curse
 u - a scroll of fear
 x - a scroll of enchant weapon {unknown}
 K - a scroll of random uselessness {unknown}
 L - a scroll of summoning
 O - a scroll of vulnerability {unknown}
 T - a scroll of recharging {unknown}
Potions
 b - a potion of heal wounds
 e - a potion of magic {unknown}
 g - 2 potions of brilliance
 k - 3 potions of ambrosia
 q - 6 potions of flight
 s - 2 potions of might
 v - a potion of lignification {unknown}
 w - 2 potions of cancellation
 E - 3 potions of curing
 J - a potion of agility
Books
 c - a book of Changes

   Spells                             Type                      Level
   a - Beastly Appendage              Transmutation                1
   b - Sticks to Snakes               Transmutation                2
   c - Spider Form                    Transmutation/Poison         3
   d - Ice Form                       Ice/Transmutation            4
   e - Blade Hands                    Transmutation                5
 y - a book of Cantrips
   (You found it on level 5 of the Dungeon)

   Spells                             Type                      Level
   a - Confusing Touch                Hexes                        1
   b - Animate Skeleton               Necromancy                   1
   c - Summon Small Mammal            Summoning                    1
   d - Apportation                    Translocation                1
 U - a book of Callings
   (You found it on level 10 of the Dungeon)

   Spells                             Type                      Level
   a - Summon Small Mammal            Summoning                    1
   b - Call Imp                       Summoning                    2
   c - Call Canine Familiar           Summoning                    3
   d - Summon Guardian Golem          Hexes/Summoning              3
   e - Summon Lightning Spire         Summoning/Air                4
   f - Summon Ice Beast               Ice/Summoning                4
Comestibles
 d - 6 bread rations
 f - 5 meat rations


   Skills:
 + Level 4.4 Fighting
 + Level 4.4 Dodging
 * Level 8.5 Unarmed Combat
 - Level 3.4 Spellcasting
 - Level 1.0 Hexes
 - Level 1.0 Necromancy
 - Level 2.1 Translocations
 - Level 8.1 Transmutations


You had one spell level left.
You knew the following spells:

 Your Spells              Type           Power        Failure   Level  Hunger
a - Apportation           Tloc           ##....       4%          1    None
h - Blade Hands           Tmut           #####.....   11%         5    ######.
k - Sticks to Snakes      Tmut           #####...     1%          2    ##.....
n - Animate Skeleton      Necr           N/A          8%          1    None
p - Spider Form           Tmut/Pois      ###.......   6%          3    ###....
t - Confusing Touch       Hex            #.....       7%          1    None


Dungeon Overview and Level Annotations

Branches:
Dungeon (11/15)              Lair (0/6) D:10
 Temple: D:4-7          Orc: D:9-12

Shops:
D:8 }

Annotations:
D:6 Menkaure


Innate Abilities, Weirdness & Mutations

You have an increased reservoir of magic. (+10% MP)


Message History

The sky beast looks as sick as possible!
The sky beast is moderately wounded.
The sky beast barely misses you.
You hit the sky beast.
The sky beast looks as sick as possible!
The sky beast is heavily wounded.
The sky beast flickers out of sight!
Something closely misses you.
A sky beast appears from thin air!
You bite the sky beast!
You kill the sky beast!
A wyvern zombie comes into view.
Found an escape hatch in the ceiling.
An ogre comes into view. It is wielding a giant spiked club.
Your transformation is almost over.
Casting: Spider Form
Confirm with . or Enter, or press ? or * to list all spells.
You create a snake!
You now have 148 arrows.
A troll and a howler monkey come into view.
The howler monkey howls!
The troll shouts!
The ogre shouts!
Your ball python bites the ogre.
Your ball python bites the ogre.
You hit the troll but do no damage.
The troll is poisoned.
The troll closely misses you. x2; The troll claws you!
Your ball python bites the ogre.
Your ball python bites the troll but does no damage.
A worker ant comes into view.
The worker ant twitches its antennae in your direction.
Your ball python bites the troll.
The howler monkey hoots and howls with incredible vigour!
A quokka comes into view.
Okay, then.
Your transformation has ended.
The +5 war axe of the Unspeakable One {speed, rC+ rN+} unmelds from your body.
Your scarf of repulsion unmelds from your body.
Your +0 pair of gloves unmelds from your body.
Your +1 pair of boots unmelds from your body.
Your +0 robe unmelds from your body.
Your hands tingle!
You are surrounded by a repulsion field.
Okay, then.
Evoke which item? (* to show all) (? for menu, Esc to quit)
Aiming: Random Effects (will waste charges)
Press: ? - help, Shift-Dir - straight line The bolt of poison hits the ogre.
The ogre is poisoned.
The ogre is severely wounded.
The bolt of poison hits the troll.
The troll is moderately wounded.
The bolt of poison hits the wyvern zombie.
The wyvern zombie completely resists.
Evoking this partially-identified wand wasted a few charges.
The ogre misses you.
The howler monkey hoots and howls with incredible vigour!
Unknown command.
Evoke which item? (* to show all) (? for menu, Esc to quit)
Aiming: Random Effects (will waste charges)
Press: ? - help, Shift-Dir - straight line, f - howler monkey
Aim: a howler monkey (catching its breath)
The ogre looks slightly unstable.
Evoking this partially-identified wand wasted a few charges.
The ogre barely misses you.
The ogre disappears!
The troll looks more healthy.
Your ball python closely misses the worker ant.
Your ball python grabs the worker ant.
Your ball python constricts the worker ant.
Something barely misses your ball python.
The worker ant struggles to escape constriction.
Evoke which item? (* to show all) (? for menu, Esc to quit)
Aiming: Random Effects (will waste charges)
Press: ? - help, Shift-Dir - straight line, f/p - howler monkey
Aim: a howler monkey (catching its breath)
The puff of flame misses the troll.
The puff of flame hits the wyvern zombie.
The wyvern zombie is lightly damaged.
Evoking this partially-identified wand wasted a few charges.
Your ball python bites the worker ant but does no damage.
Your ball python constricts the worker ant.
Something barely misses your ball python.
The worker ant struggles to escape constriction.
Your ball python bites the worker ant but does no damage.
Your ball python constricts the worker ant.
Something bites your ball python.
Your ball python dies!
The troll bites you. The troll claws you but does no damage.
The troll misses you.
There is a stone staircase leading down here.
You climb downwards.
The vampire hits you.
* * * LOW HITPOINT WARNING * * *
The vampire completely misses you.
There is a stone staircase leading up here.
The troll bites you!
* * * LOW HITPOINT WARNING * * *
The troll claws you!
* * * LOW HITPOINT WARNING * * *
The troll completely misses you.
As you read the scroll of fear, it crumbles to dust.
You assume a fearsome visage.
The vampire is unaffected.
The troll resists with some effort.
The vampire hits you.
* * * LOW HITPOINT WARNING * * *
The vampire closely misses you. The troll bites you!
You die...

#......#
+......#
#......#
#......#
#......#
#......######
#............
#..@T.......
#..V<.......
#.<.###+##..
#...# #...#
#...# #...#
....# .....#


You could see a troll and a vampire.

Vanquished Creatures
  A two-headed ogre (D:9)
  The ghost of tidbits the Insei, an amateur DgTm (D:6)
  A hippogriff (D:10)
  A yak (D:10)
  A wraith (D:10)
  A hungry ghost (D:7)
  A phantom (D:4)
  Purgy (Sewer)
  4 sky beasts
  An eye of draining (D:8)
  2 orc warriors
  3 ogres
  4 centaurs
  Blork the orc (D:4)
  3 bullfrogs
  A gnoll sergeant (D:7)
  A big kobold (D:10)
  A scorpion (D:7)
  4 wights
  A centaur zombie (D:6)
  2 crimson imps
  2 bullfrog zombies
  4 hounds
  A bullfrog skeleton (D:6)
  2 orc priests (D:8)
  A centaur skeleton (D:4)
  2 iguanas
  4 orc wizards
  5 worker ants
  A worker ant zombie (D:8)
  A howler monkey skeleton (D:10)
  11 adders
  7 gnolls
  3 oozes
  A worm (D:6)
  A dart slug (D:3)
  3 leopard geckos
  20 orcs
  4 bats
  2 giant cockroaches
  4 goblins
  6 hobgoblins
  18 jackals
  5 kobolds
  2 ball pythons
  5 rats
151 creatures vanquished.

Vanquished Creatures (collateral kills)
  2 yaks (D:10)
  A sky beast (D:9)
  A crocodile (D:8)
  2 hounds (D:9)
  An iguana (D:10)
  2 worker ants
  3 gnolls
  4 orcs
  A frilled lizard (Sewer)
  A jackal skeleton (D:4)
18 creatures vanquished.

Grand Total: 169 creatures vanquished

Notes
Turn   | Place    | Note
-------+----------+-------------------------------------------
     0 | D:1      | tidbits the Demigod Transmuter began the quest for the Orb.
     0 | D:1      | Reached XP level 1. HP: 15/15 MP: 5/5
    26 | D:1      | Reached skill level 2 in Transmutations
    32 | D:1      | Reached skill level 2 in Spellcasting
   147 | D:1      | Reached XP level 2. HP: 12/22 MP: 5/7
   285 | D:1      | Reached skill level 3 in Unarmed Combat
   430 | D:2      | Reached XP level 3. HP: 7/27 MP: 8/8
   434 | D:2      | Learned a level 2 spell: Sticks to Snakes
   438 | D:2      | Learned a level 3 spell: Spider Form
   818 | D:3      | Reached skill level 4 in Unarmed Combat
   818 | D:3      | Reached XP level 4. HP: 32/34 MP: 0/9
   994 | D:3      | Reached skill level 3 in Transmutations
  1073 | D:3      | Reached XP level 5. HP: 24/39 MP: 2/10
  1296 | D:4      | Noticed a phantom
  1358 | D:4      | Killed a phantom
  1358 | D:4      | Reached skill level 5 in Unarmed Combat
  1409 | D:5      | Entered Level 5 of the Dungeon
  1564 | D:6      | Found a glowing drain.
  1579 | Sewer    | Entered a sewer
  1587 | Sewer    | Reached XP level 6. HP: 42/46 MP: 5/11
  1604 | Sewer    | Noticed Purgy
  1618 | Sewer    | Killed Purgy
  1618 | Sewer    | Reached skill level 4 in Transmutations
  1676 | D:6      | Reached skill level 1 in Fighting
  1676 | D:6      | Reached skill level 2 in Dodging
  1715 | D:6      | Noticed tidbits's ghost (amateur DgTm)
  1716 | D:6      | Reached skill level 6 in Unarmed Combat
  1730 | D:6      | Killed tidbits's ghost
  1730 | D:6      | Reached XP level 7. HP: 38/53 MP: 1/13
  1751 | D:6      | Found a shimmering altar of Xom.
  1832 | D:7      | Noticed a hungry ghost
  1869 | D:5      | Learned a level 1 spell: Animate Skeleton
  1871 | D:5      | Learned a level 1 spell: Confusing Touch
  1885 | D:5      | Reached skill level 1 in Hexes
  1885 | D:5      | Reached skill level 1 in Necromancy
  1945 | D:4      | Got a pitted war axe
  2021 | D:4      | Noticed Blork the orc
  2041 | D:4      | Killed Blork the orc
  2041 | D:4      | Reached skill level 2 in Fighting
  2076 | D:4      | Identified the +5 war axe of the Unspeakable One {speed, rC+ rN+} (You found it on level 4 of the Dungeon)
  2236 | D:7      | Killed a hungry ghost
  2297 | D:7      | Reached skill level 3 in Dodging
  2299 | D:7      | Noticed a hippogriff
  2306 | D:7      | Reached skill level 7 in Unarmed Combat
  2403 | D:7      | Reached XP level 8. HP: 35/62 MP: 10/15
  2440 | D:7      | Reached skill level 3 in Fighting
  2463 | D:7      | Reached skill level 3 in Spellcasting
  2529 | D:7      | HP: 4/63 [centaur (10)]
  2617 | D:6      | Noticed Menkaure
  2710 | D:5      | Learned a level 5 spell: Blade Hands
  2712 | D:5      | Learned a level 1 spell: Apportation
  2830 | D:6      | Reached skill level 1 in Translocations
  2877 | D:7      | Reached skill level 2 in Translocations
  2997 | D:7      | Found a bloodstained altar of Trog.
  3107 | D:8      | Reached skill level 8 in Unarmed Combat
  3140 | D:8      | Reached skill level 4 in Dodging
  3293 | D:8      | Reached skill level 4 in Fighting
  3338 | D:8      | Reached XP level 9. HP: 19/71 MP: 1/17
  3389 | D:8      | Found Uwun's Gadget Shoppe.
  3628 | D:9      | Noticed a two-headed ogre
  3675 | D:9      | Killed a two-headed ogre
  3675 | D:9      | Reached skill level 6 in Transmutations
  3773 | D:9      | Reached skill level 7 in Transmutations
  3823 | D:10     | Entered Level 10 of the Dungeon
  3974 | D:10     | Reached skill level 8 in Transmutations
  4122 | D:10     | Found a staircase to the Lair.
  4176 | D:11     | HP: 6/72 [vampire (4)]
  4176 | D:11     | Mangled by a troll

Skill      XL: |  1  2  3  4  5  6  7  8  9 |
---------------+----------------------------+-----
Transmutations | 2 3 4 8 |  8.1
Spellcasting   | 2 3 |  3.4
Unarmed Combat | 3 4 5 6 7 8 |  8.5
Fighting       | 1 2 4 |  4.4
Dodging        | 2 3 4 |  4.4
Hexes          | 1 |  1.0
Necromancy     | 1 |  1.0
Translocations | 2 |  2.1

Action                   |  1- 3 |  4- 6 |  7- 9 || total
-------------------------+-------+-------+-------++-------
Melee: Unarmed           |    89 |   122 |   208 ||   419
       Kick              |    10 |       |       ||    10
       Headbutt          |     5 |       |       ||     5
       War axe           |       |       |    55 ||    55
       Punch             |       |       |     3 ||     3
Throw: Tomahawk          |       |     1 |     3 ||     4
 Cast: Beastly Appendage |    13 |     1 |       ||    14
       Spider Form       |     7 |    17 |    36 ||    60
       Sticks to Snakes  |     1 |    14 |    35 ||    50
       Animate Skeleton  |       |       |    13 ||    13
       Confusing Touch   |       |       |     1 ||     1
       Blade Hands       |       |       |     2 ||     2
Evoke: Wand              |       |       |     6 ||     6
  Use: Scroll            |     4 |     4 |     9 ||    17
       Potion            |     2 |     2 |     3 ||     7
 Stab: Sleeping          |     1 |       |     1 ||     2
       Distracted        |       |       |     3 ||     3
  Eat: Chunk             |     1 |     4 |     6 ||    11
       Meat ration       |       |     1 |       ||     1
       Fruit             |       |       |     5 ||     5
       Bread ration      |       |       |     1 ||     1
Armor: Robe              |    11 |     2 |    16 ||    29
       Skin              |     2 |     9 |     9 ||    20
Dodge: Dodged            |    48 |    93 |   187 ||   328

Table legend:
 A = Turns spent in this place as a percentage of turns spent in the entire game.
 B = Non-inter-level travel turns spent in this place as a percentage of non-inter-level travel turns spent in the entire game.
 C = Inter-level travel turns spent in this place as a percentage of turns spent in this place.
 D = Turns resting spent in this place as a percentage of non-inter-level travel turns spent in this place.
 E = Turns spent auto-exploring this place as a percentage of non-inter-level travel turns spent in this place.
 F = Non-inter-level travel turns spent in this place divided by the number of levels of this place that you've seen.
                   A       B       C       D       E      F
               +-------+-------+-------+-------+-------+----------------------
         Total | 100.0 | 100.0 |   0.1 |   0.0 |   0.0 | 347.2
       Dungeon |  97.7 |  97.7 |   0.1 |   0.0 |   0.0 | 370.3
         Sewer |   2.3 |   2.3 |   0.0 |   0.0 |   0.0 |  94.0
               +-------+-------+-------+-------+-------+----------------------

Table legend:
 A = Kills in this place as a percentage of kills in entire the game.
 B = Kills by you in this place as a percentage of kills by you in the entire game.
 C = Kills by friends in this place as a percentage of kills by friends in the entire game.
 D = Other kills in this place as a percentage of other kills in the entire game.
 E = Experience gained in this place as a percentage of experience gained in the entire game.
 F = Experience gained in this place divided by the number of levels of this place that you have seen.
                   A       B       C       D       E      F
               +-------+-------+-------+-------+-------+----------------------
         Total | 100.0 | 100.0 | 100.0 |  -nan | 100.0 | 528.5
       Dungeon |  97.0 |  97.4 |  94.4 |  -nan |  97.4 | 561.5
         Sewer |   3.0 |   2.6 |   5.6 |  -nan |   2.6 | 166.0
               +-------+-------+-------+-------+-------+----------------------

Vault maps used:
D:1:      dpeg_arrival_central, minmay_misc_feat_encased
D:4:      minmay_temple_entry_statues, minmay_ruptured, uniq_blork_the_orc
D:5:      first_bread, serial_shops, shop
D:6:      cheibrodos_sewer_entry_bend, basic_altar, uniq_menkaure
D:7:      trog_book
D:8:      serial_shops, nicolae_shop_behind_doors, dk_yredelemnul_ordeal
D:10:     hangedman_cross_stitches, serial_shops, shop
D:11:     minmay_orc_entry_temple_small
Sewer:    sewer_co_purgy_island
